 Dungeon Crawl Stone Soup version 0.31-a0-16-g6d2539766c (webtiles) character file.

Game seed: 10902001571430433668

220 lunkers the Gusty (level 6, -6/45 HPs)
             Began as a Meteoran Air Elementalist on May 8, 2023.
             Was an Initiate of Sif Muna.
             Mangled by an orc warrior
             ... wielding a +0 long sword
              (16 damage)
             ... on level 5 of the Dungeon.
             The game lasted 00:04:24 (1874 turns).

lunkers the Gusty (Meteoran Air Elementalist)       Turns: 1874, Time: 00:04:24

Health: -6/45      AC:  4    Str:  9    XL:     6   Next: 42%
Magic:  8/14       EV: 12    Int: 19    God:    Sif Muna [......]
Gold:   168        SH:  0    Dex: 15    Spells: 4/14 levels left

rFire   + . .        o - staff of cold
rCold   + . .        (no shield)
rNeg    . . .        a - +0 robe
rPois   .            g - +0 helmet
rElec   .            (no cloak)
rCorr   .            (no gloves)
SInv    .            n - +0 pair of boots
Will    .....        (no amulet)
Stlth   +            q - ring of protection from fire
HPRegen 0.27/turn    (no ring)
MPRegen 0.14/turn

%: no passive effects
@: glowing
A: sense surroundings 1, otherworldly, glowing, explore regen
a: Renounce Religion


You were on level 5 of the Dungeon.
You worshipped Sif Muna.
Sif Muna was noncommittal.
You visited 2 branches of the dungeon, and saw 6 of its levels.

You collected 168 gold pieces.

Inventory:

Armour
 a - a +0 robe (worn)
 g - a +0 helmet (worn)
 l - a +0 pair of gloves
 n - a +0 pair of boots (worn)
Magical Staves
 o - a staff of cold (weapon)
Jewellery
 d - an amulet of guardian spirit
 q - a ring of protection from fire (left hand)
Wands
 j - a wand of charming (6)
Scrolls
 f - a scroll of identify
 i - 3 scrolls of amnesia
Potions
 b - a potion of magic
 c - a potion of flight
 e - a potion of invisibility {unknown}
 h - 2 potions of mutation
 k - 3 potions of curing
 m - a potion of berserk rage
 p - a potion of cancellation


   Skills:
 - Level 2.4 Dodging
 - Level 1.4 Stealth
 + Level 4.7 Spellcasting
 - Level 1.2 Conjurations
 * Level 6.7 Air Magic


You had 4 spell levels left.
You knew the following spells:

 Your Spells              Type           Power      Damage    Failure   Level
a - Shock                 Conj/Air       76%        1d7       2%          1
b - Static Discharge      Conj/Air       38%        2-4/arc   3%          2
c - Swiftness             Air            29%        N/A       2%          3
d - Airstrike             Air            14%        2d(3-19)  9%          4

Your spell library contained the following spells:

 Spells                   Type           Power      Damage    Failure   Level
 Inner Flame              Hex/Fire       4%         N/A       36%         3
 Yara's Violent Unravell  Hex/Tmut       2%         3d3       98%         5
 Enfeeble                 Hex            2%         N/A       100%        7


Dungeon Overview and Level Annotations

Branches:
Dungeon (5/15) Zot: 1276   Temple (1/1) D:4 Zot: 449

Altars:
Cheibriados
Dithmenos
Elyvilon
Gozag
Hepliaklqana
Kikubaaqudgha
Makhleb
Okawaru
Qazlal
Sif Muna
Trog
Uskayaw
Xom
Yredelemnul
Zin
The Shining One

Annotations:
D:4 3 runed translucent doors


Innate Abilities, Weirdness & Mutations

You passively map a small area around you.
You are easily found by Zot.
You glow in the dark.
You regain HP and MP as you explore.


Message History

Aiming: Shock (safe; 2% risk of failure)
Press: ? - help, Q - select action, (/) - cycle Shift-Dir - straight line The zap hits the orc warrior.
The orc warrior is lightly wounded.
The zap hits the orc warrior but does no damage.
The orc warrior is lightly wounded.
Unknown command.
Casting: Shock (safe; 2% risk of failure)
Confirm with . or Enter, or press ? or * to list all spells.
The orc warrior is struck by an arc of lightning.
The orc warrior is moderately wounded.
You are struck by an arc of lightning.
The orc warrior is struck by an arc of lightning.
The orc warrior is heavily wounded.
You are struck by an arc of lightning.
The lightning grounds out.
The orc warrior hits you with a +0 long sword!
* * * LOW HITPOINT WARNING * * *
Unknown command.
Casting: Static Discharge (safe; 3% risk of failure)
Confirm with . or Enter, or press ? or * to list all spells.
The orc warrior is struck by an arc of lightning.
The orc warrior is heavily wounded.
You are struck by an arc of lightning.
* * * LOW HITPOINT WARNING * * *
The lightning grounds out.
The orc warrior hits you with a +0 long sword!
* * * LOW HITPOINT WARNING * * *
Unknown command.
Casting: Static Discharge (safe; 3% risk of failure)
Confirm with . or Enter, or press ? or * to list all spells.
The orc warrior is struck by an arc of lightning.
The orc warrior is severely wounded.
The orc wizard is struck by an arc of lightning.
The orc wizard is moderately wounded.
Something is struck by an arc of lightning.
The lightning grounds out.
The orc wizard gestures wildly while chanting.
The orc wizard flickers and vanishes!
The orc warrior hits you with a +0 long sword!
You die...

, ............#
##'####
...........o# ##..#
* ..........o.#
#.)## *
..........o.# #)## ,
............### #.#
*
..............####.#
* ,
............#{#....#
,
(...........#o#....#
, ,
............#@#....#
*
............#.#....#
*,
............#.#....#
#.#,
...........#.'....#
#.#
........###....##
#.#, ,, #.....#
#.#,* , * #.....#
#.# , , ####..## #.#
, , #...####.#.#


You could see an orc warrior.

Vanquished Creatures
  A scorpion (D:4)
  3 orc priests (D:5)
  A sleepcap (D:4)
  2 adders
  2 orcs (D:5)
  2 bats
  4 endoplasms
  3 giant cockroaches
  2 goblins
  2 hobgoblins
  A quokka (D:3)
  6 ball pythons
  A frilled lizard (D:1)
  4 kobolds
  A rat (D:2)
35 creatures vanquished.

Notes
Turn   | Place    | Note
-------+----------+-------------------------------------------
     0 | D:1      | lunkers the Meteoran Air Elementalist began the quest for
                  | the Orb.
     0 | D:1      | Reached XP level 1. HP: 14/14 MP: 5/5
   269 | D:1      | Reached XP level 2. HP: 20/20 MP: 3/6
   291 | D:1      | Reached skill level 4 in Air Magic
   517 | D:2      | Reached XP level 3. HP: 2/26 MP: 4/8
   517 | D:2      | HP: 1/26 [poisoned by an adder]
   740 | D:3      | Learned a level 2 spell: Static Discharge
   744 | D:3      | Learned a level 3 spell: Swiftness
  1309 | D:4      | Found a runed translucent gate.
  1309 | D:4      | Found a runed translucent gate.
  1309 | D:4      | Found a runed translucent gate.
  1375 | D:4      | Noticed a scorpion
  1381 | D:4      | Killed a scorpion
  1382 | D:4      | Reached skill level 5 in Air Magic
  1382 | D:4      | Reached XP level 4. HP: 23/33 MP: 1/10
  1382 | D:4      | Reached XP level 5. HP: 26/38 MP: 1/11
  1413 | D:4      | Found a staircase to the Ecumenical Temple.
  1423 | Temple   | Entered the Ecumenical Temple
  1527 | Temple   | Became a worshipper of Sif Muna the Loreminder
  1543 | Temple   | Learned a level 4 spell: Airstrike
  1729 | D:5      | Entered Level 5 of the Dungeon
  1733 | D:5      | Reached skill level 6 in Air Magic
  1827 | D:5      | Reached XP level 6. HP: 29/45 MP: 3/13
  1860 | D:5      | Noticed an orc warrior
  1874 | D:5      | Mangled by an orc warrior

Illustrated notes

Levels and vault maps discovered:
D:1:      nicolae_arrival_washed_ashore, layout_loops_ring,
          corexii_hall_statues_t, kennysheep_small_spiral
D:2:      layout_loops_cross, basic_ecumenical_altar
D:3:      layout_loops_cross, kennysheep_generic_room_9
D:4:      minmay_diamond_boxcup, layout_basic, minmay_temple_entry_grid,
          gammafunk_ghost_necromancy, minmay_misc_feat_plants,
          minmay_misc_feat_encased, reono_crystal_passage,
          minmay_tree_intersection
D:5:      minmay_recursive_quarters, layout_basic, nicolae_nh_ransacked_shop
Temple:   kb_temple_of_zot

Skill      XL: |  1  2  3  4  5 |
---------------+----------------+-----
Air Magic      | 4 5 6 |  6.7
Spellcasting   | 3 4 |  4.7
Dodging        | |  2.4
Stealth        | |  1.4
Conjurations   | |  1.2

Action                     |  1- 3 |  4- 6 || total
---------------------------+-------+-------++-------
  Melee: Staff             |       |     6 ||     6
   Cast: Shock             |    42 |    28 ||    70
         Static Discharge  |     2 |     4 ||     6
    Use: Potion            |     2 |       ||     2
         Scroll            |       |    10 ||    10
 Armour: Robe              |     3 |     1 ||     4
  Dodge: Dodged            |     6 |     9 ||    15

Table legend: (Time is in decaauts)
 A = Elapsed time spent in this place.
 B = Non-inter-level travel time spent in this place.
 C = Inter-level travel time spent in this place.
 D = Time resting spent in this place.
 E = Time spent auto-exploring this place.
 F = Levels seen in this place.
 G = Mean time per level.
                   A        B        C        D        E       F      G
               +--------+--------+--------+--------+--------+-----+--------+
         Total |   1873 |   1774 |     99 |      0 |   1458 |   6 |  312.2 |
       Dungeon |   1722 |   1647 |     75 |      0 |   1378 |   5 |  344.4 |
        Temple |    150 |    126 |     24 |      0 |     80 |   1 |  150.0 |
               +--------+--------+--------+--------+--------+-----+--------+

Top non-repeatable levels by time:
     D:3: 651 daAuts
     D:1: 484 daAuts
     D:4: 269 daAuts
     D:2: 172 daAuts
  Temple: 150 daAuts
     D:5: 144 daAuts
